[Event "42nd Olympiad Baku 2016 Women"]
[Site "Baku"]
[Date "2016.09.06"]
[Round "5.27"]
[White "Cordero, Daniela"]
[Black "Botez, Alexandra"]
[Result "1-0"]
[ECO "E69"]
[WhiteElo "1954"]
[BlackElo "2092"]
[Annotator ""]
[PlyCount "123"]
[EventDate "2016.??.??"]
[EventType "team-tourn"]
[EventCountry "AZE"]
[SourceTitle "playchess.com"]
[Source "ChessBase"]
[WhiteTeam "Bolivia"]
[BlackTeam "Canada"]
[WhiteTeamCountry "BOL"]
[BlackTeamCountry "CAN"]
[TimeControl "40/5400+30:1800+30"]

1. d4 {(00:00)} Nf6 {(00:00)} 2. Nf3 {(00:00)} g6 {
(00:00)} 3. c4 {(00:00)} Bg7 {(00:00)} 4. g3 {(00:
00)} O-O {(00:03)} 5. Bg2 {(00:05)} d6 {(00:05)} 6. O-O {
(00:08)} c6 {(00:10)} 7. Nc3 {(00:08)} Nbd7 {(00:
12)} 8. e4 {(00:12)} e5 {(00:05)} 9. h3 {(00:11)} exd4 {
(01:13)} 10. Nxd4 {(00:07)} Nc5 {(00:29)} 11. Re1 {
(06:34)} Re8 {(00:10)} 12. Rb1 {(06:30)} a5 {(00:
16)} 13. b3 {(00:34)} h6 {(00:29)} 14. Bb2 {(07:38)} Bd7 {
(01:23)} 15. a3 {(08:17)} Qb6 {(04:12)} 16. Ba1 {(
05:12)} Rad8 {(03:08)} 17. b4 {(04:16)} axb4 {(00:27)} 18.
axb4 {(00:17)} Ne6 {(00:25)} 19. Nf3 {(07:23)} Bc8 {
(10:44)} 20. Qc2 {(03:25)} Qc7 {(03:21)} 21. Na4 {(
10:14)} d5 {(14:36)} 22. Be5 {(04:45)} Qe7 {(01:08)} 23.
exd5 {(00:28)} cxd5 {(00:20)} 24. c5 {(00:43)} Ne4 {
(01:32)} 25. Bxg7 {(03:17)} Kxg7 {(00:54)} 26. Rbd1 {
(08:58)} Qf6 {(02:22)} 27. Nb6 {(06:44)} Nc3 {(04:
22)} 28. Rc1 {(08:24)} d4 {(02:20)} 29. Nc4 {(01:18)} Nb5
{(02:36)} 30. Nfe5 {(03:55)} d3 {(14:56)} 31. Nxd3 {
(03:38)} Nbd4 {(02:01)} 32. Qb2 {(00:13)} Ng5 {(01:
25)} 33. Nde5 {(01:36)} Nxh3+ {(04:01)} 34. Kf1 {(00:31)}
Ng5 {(16:40)} 35. Rcd1 {(00:30)} Nf5 {(06:16)} 36. Kg1 {
(00:10)} Ne6 {(02:36)} 37. Nf3 {(01:00)} Qxb2 {(01:
23)} 38. Nxb2 {(00:02)} Nc7 {(01:15)} 39. Nc4 {(01:17)}
Rxe1+ {(00:50)} 40. Rxe1 {(00:00)} Na6 {(00:00)} 41. g4 {
(17:06)} Nd4 {(02:06)} 42. Nd6 {(01:55)} Ne6 {(04:
47)} 43. Ne5 {(01:47)} Nac7 {(23:07)} 44. Nexf7 {(04:01)}
Rf8 {(00:14)} 45. Nxc8 {(01:07)} Rxf7 {(02:32)} 46. Nd6 {
(05:05)} Rf4 {(00:25)} 47. b5 {(02:36)} Kf6 {(00:
56)} 48. b6 {(00:08)} Na6 {(00:33)} 49. Nxb7 {(01:24)} Rb4
{(00:46)} 50. Rc1 {(00:35)} Nf4 {(00:21)} 51. Bf1 {
(00:09)} Nxc5 {(00:39)} 52. Nxc5 {(00:13)} Nd5 {(
00:28)} 53. b7 {(00:30)} Ke7 {(00:33)} 54. Bg2 {(01:01)}
Nf4 {(00:23)} 55. Re1+ {(00:36)} Kf7 {(00:44)} 56. Be4 {
(00:25)} Nh3+ {(00:25)} 57. Kg2 {(00:12)} Nf4+ {(
00:18)} 58. Kg3 {(00:19)} g5 {(00:23)} 59. Na6 {(00:17)}
Rb3+ {(00:09)} 60. Bf3 {(00:07)} h5 {(00:10)} 61. b8=Q {
(00:42)} h4+ {(00:06)} 62. Kh2 1-0

[Event "42nd Olympiad Baku 2016 Women"]
[Site "Baku"]
[Date "2016.09.06"]
[Round "5.13"]
[White "Cori T, Deysi"]
[Black "Dzagnidze, Nana"]
[Result "1/2-1/2"]
[ECO "A46"]
[WhiteElo "2402"]
[BlackElo "2522"]
[Annotator ""]
[PlyCount "79"]
[EventDate "2016.??.??"]
[EventType "team-tourn"]
[EventCountry "AZE"]
[SourceTitle "playchess.com"]
[Source "ChessBase"]
[WhiteTeam "Peru"]
[BlackTeam "Georgia"]
[WhiteTeamCountry "PER"]
[BlackTeamCountry "GEO"]
[TimeControl "40/5400+30:1800+30"]

1. d4 {(00:00)} Nf6 {(00:00)} 2. Nf3 {(00:03)} e6 {
(00:04)} 3. e3 {(00:09)} b6 {(00:45)} 4. c4 {(00:
26)} Bb7 {(00:23)} 5. Bd3 {(00:12)} d5 {(00:33)} 6. O-O {
(00:32)} Nbd7 {(04:09)} 7. Nc3 {(05:42)} a6 {(04:
09)} 8. Qe2 {(06:41)} dxc4 {(08:57)} 9. Bxc4 {(00:16)} c5
{(01:26)} 10. Rd1 {(00:56)} b5 {(07:20)} 11. Bb3 {(
02:55)} Qc7 {(00:50)} 12. e4 {(06:17)} cxd4 {(11:14)} 13.
Nxd4 {(00:30)} Bc5 {(17:29)} 14. Bg5 {(14:24)} O-O {
(08:07)} 15. Rac1 {(12:41)} Qb6 {(00:47)} 16. Nf3 {
(00:49)} Bc6 {(00:20)} 17. e5 {(07:10)} Ng4 {(00:
48)} 18. Bh4 {(00:35)} Bxf3 {(07:54)} 19. gxf3 {(03:58)}
Ngxe5 {(00:20)} 20. Bg3 {(00:43)} Bd4 {(01:24)} 21. Rxd4 {
(06:01)} Qxd4 {(00:11)} 22. Rd1 {(00:11)} Qc5 {(02:
32)} 23. f4 {(00:18)} Nc6 {(00:51)} 24. Rxd7 {(01:29)} Nd4
{(03:39)} 25. Qd1 {(06:56)} Rad8 {(01:21)} 26. Ne4 {
(02:53)} Qb6 {(02:11)} 27. Bh4 {(16:59)} f6 {(02:
31)} 28. Rxd8 {(00:23)} Rxd8 {(05:38)} 29. Qg4 {(01:34)}
Kf8 {(03:44)} 30. Qh5 {(01:08)} Qc6 {(01:01)} 31. Bxf6 {
(01:52)} gxf6 {(02:57)} 32. Qxh7 {(00:40)} Nf3+ {(
01:48)} 33. Kg2 {(00:23)} Nd2 {(00:33)} 34. Qh8+ {(00:30)}
Kf7 {(00:03)} 35. Qxf6+ {(00:24)} Ke8 {(00:03)} 36. Qg6+ {
(00:46)} Ke7 {(00:42)} 37. Qg7+ {(00:19)} Ke8 {(00:
07)} 38. Qg6+ {(00:40)} Ke7 {(00:03)} 39. Qf6+ {(00:28)}
Ke8 {(00:12)} 40. Qg6+ 1/2-1/2

[Event "42nd Olympiad Baku 2016 Women"]
[Site "Baku"]
[Date "2016.09.06"]
[Round "5.8"]
[White "Cramling Bellon, Anna"]
[Black "Gara, Ticia"]
[Result "0-1"]
[ECO "E38"]
[WhiteElo "1913"]
[BlackElo "2379"]
[Annotator ""]
[PlyCount "70"]
[EventDate "2016.??.??"]
[EventType "team-tourn"]
[EventCountry "AZE"]
[SourceTitle "playchess.com"]
[Source "ChessBase"]
[WhiteTeam "Sweden"]
[BlackTeam "Hungary"]
[WhiteTeamCountry "SWE"]
[BlackTeamCountry "HUN"]
[TimeControl "40/5400+30:1800+30"]

1. d4 {(00:00)} Nf6 {(00:00)} 2. c4 {(00:00)} e6 {(
00:00)} 3. Nc3 {(00:00)} Bb4 {(00:08)} 4. Qc2 {(00:20)} c5
{(00:23)} 5. a3 {(08:20)} Bxc3+ {(03:11)} 6. bxc3 {
(00:18)} O-O {(03:45)} 7. e4 {(02:26)} cxd4 {(09:
22)} 8. cxd4 {(05:17)} e5 {(15:42)} 9. dxe5 {(16:16)} Qa5+
{(00:40)} 10. Bd2 {(15:49)} Qxe5 {(00:15)} 11. Bc3 {
(02:16)} Qxe4+ {(00:34)} 12. Qxe4 {(00:13)} Nxe4 {(
00:03)} 13. Bb2 {(00:50)} Re8 {(01:30)} 14. Be2 {(04:20)}
Nc6 {(03:02)} 15. f3 {(02:51)} Nc5 {(01:45)} 16. Kf2 {
(00:44)} Na4 {(05:51)} 17. Bc1 {(03:00)} b6 {(08:
56)} 18. Bf4 {(05:18)} Ba6 {(08:41)} 19. Rd1 {(05:12)} Na5
{(05:07)} 20. Rxd7 {(04:21)} Nc5 {(01:35)} 21. Rd2 {
(06:24)} Bxc4 {(01:41)} 22. Rc2 {(01:09)} Bxe2 {(
11:47)} 23. Nxe2 {(00:12)} Rad8 {(00:54)} 24. Kg3 {(08:09]
} Rd3 {(01:37)} 25. Nc3 {(02:11)} Nab3 {(04:22)} 26. Nb5 {
(04:16)} g5 {(01:53)} 27. Bc7 {(01:27)} Nd4 {(04:
28)} 28. Nxd4 {(00:51)} Rxd4 {(00:02)} 29. Kf2 {(01:10)}
Rc8 {(01:48)} 30. Rxc5 {(00:48)} bxc5 {(00:06)} 31. Be5 {
(00:08)} Rd2+ {(00:37)} 32. Kg3 {(00:28)} Re8 {(02:
03)} 33. Bf6 {(00:36)} Re6 {(01:27)} 34. Bxg5 {(00:47)}
Rg6 {(00:02)} 35. Kf4 {(00:22)} Rd4+ {(00:13)} 0-1

[Event "42nd Olympiad Baku 2016 Women"]
[Site "Baku"]
[Date "2016.09.06"]
[Round "5.11"]
[White "Cumberbatch, Gabriela"]
[Black "Farrugia, Jamie"]
[Result "0-1"]
[ECO "C54"]
[WhiteElo "1312"]
[BlackElo "1617"]
[Annotator ""]
[PlyCount "52"]
[EventDate "2016.??.??"]
[EventType "team-tourn"]
[EventCountry "AZE"]
[SourceTitle "playchess.com"]
[Source "ChessBase"]
[WhiteTeam "Barbados"]
[BlackTeam "Malta"]
[WhiteTeamCountry "BAR"]
[BlackTeamCountry "MLT"]
[TimeControl "40/5400+30:1800+30"]

1. e4 {(00:00)} e5 {(00:00)} 2. Nf3 {(00:00)} Nc6 {
(00:00)} 3. Bc4 {(00:00)} Bc5 {(00:00)} 4. c3 {(01:
11)} Nf6 {(00:01)} 5. d4 {(00:25)} exd4 {(01:22)} 6. cxd4
{(00:26)} Bb4+ {(00:22)} 7. Nc3 {(00:40)} Nxe4 {(
02:13)} 8. O-O {(01:49)} Nf6 {(09:35)} 9. Re1+ {(06:22)}
Ne7 {(13:20)} 10. Bg5 {(09:45)} d5 {(09:59)} 11. Bd3 {
(09:11)} Be6 {(04:55)} 12. Bxf6 {(02:23)} gxf6 {(
00:12)} 13. Qa4+ {(00:58)} Nc6 {(00:42)} 14. Bb5 {(00:45)}
O-O {(04:56)} 15. Bxc6 {(03:05)} Bxc3 {(00:52)} 16. bxc3 {
(00:08)} bxc6 {(00:59)} 17. Qxc6 {(00:17)} Kh8 {(
07:59)} 18. Re3 {(01:46)} Rg8 {(02:27)} 19. Nd2 {(03:19)}
f5 {(05:41)} 20. Nf1 {(03:33)} f4 {(01:16)} 21. Rf3 {
(06:17)} Qg5 {(17:14)} 22. g3 {(02:43)} Rac8 {(01:
05)} 23. Nd2 {(02:34)} Rg6 {(01:08)} 24. Qb5 {(03:03)}
fxg3 {(05:14)} 25. Nf1 {(08:58)} gxh2+ {(00:26)} 26. Kxh2
{(04:07)} Qg2# {(00:09)} 0-1

[Event "42nd Olympiad Baku 2016 Women"]
[Site "Baku"]
[Date "2016.09.06"]
[Round "5.6"]
[White "Dauletova, Gulmira"]
[Black "Gunina, Valentina"]
[Result "0-1"]
[ECO "C42"]
[WhiteElo "2275"]
[BlackElo "2520"]
[Annotator ""]
[PlyCount "104"]
[EventDate "2016.??.??"]
[EventType "team-tourn"]
[EventCountry "AZE"]
[SourceTitle "playchess.com"]
[Source "ChessBase"]
[WhiteTeam "Kazakhstan"]
[BlackTeam "Russia"]
[WhiteTeamCountry "KAZ"]
[BlackTeamCountry "RUS"]
[TimeControl "40/5400+30:1800+30"]

1. e4 {(00:00)} e5 {(00:00)} 2. Nf3 {(00:14)} Nf6 {
(00:00)} 3. Nxe5 {(00:49)} d6 {(00:13)} 4. Nf3 {(
00:19)} Nxe4 {(00:12)} 5. d4 {(01:31)} d5 {(01:09)} 6. Bd3
{(00:41)} Nc6 {(00:36)} 7. O-O {(01:20)} Be7 {(00:
28)} 8. c4 {(00:56)} Nb4 {(00:49)} 9. Be2 {(00:25)} O-O {
(00:23)} 10. Nc3 {(00:26)} Bf5 {(01:56)} 11. a3 {(
00:42)} Nxc3 {(01:39)} 12. bxc3 {(00:02)} Nc6 {(00:07)}
13. cxd5 {(01:55)} Qxd5 {(00:06)} 14. Bf4 {(00:05)} Rac8 {
(00:22)} 15. Re1 {(01:54)} Rfe8 {(00:42)} 16. Bd3 {
(03:04)} Bf6 {[%emt 1:04:24)} 17. Rxe8+ {(09:09)} Rxe8 {(
00:06)} 18. Bxf5 {(00:06)} Qxf5 {(00:04)} 19. Bxc7 {(00:
11)} Rc8 {(00:22)} 20. Bg3 {(03:22)} Na5 {(03:22)} 21. Qa4
{(01:39)} h6 {(02:43)} 22. Re1 {(21:10)} b6 {(00:
22)} 23. h3 {(02:24)} Kh7 {(00:28)} 24. Be5 {(19:40)} Rxc3
{(06:04)} 25. Qe8 {(12:53)} Bxe5 {(01:01)} 26. Nxe5 {
(00:15)} Qe6 {(11:50)} 27. Nxf7 {(02:33)} Qxe8 {(
00:23)} 28. Rxe8 {(00:01)} Rxa3 {(01:04)} 29. Rh8+ {(14:
22)} Kg6 {(00:01)} 30. Ne5+ {(00:04)} Kf5 {(00:18)} 31.
Rg8 {(01:58)} Nb3 {(02:09)} 32. Nf3 {(00:46)} Ra1+ 33. Kh2
Kf6 {(01:13)} 34. Rf8+ {(01:18)} Ke6 {(00:12)} 35. Re8+ {
(00:17)} Kd6 {(00:35)} 36. Rd8+ {(00:35)} Kc6 {(01:
54)} 37. Ne5+ {(00:41)} Kb5 {(00:20)} 38. d5 {(00:29)} Rd1
{(00:18)} 39. d6 {(00:30)} Nc5 {(00:23)} 40. d7 {(
00:00)} a5 {(00:00)} 41. Rc8 {(12:05)} Nxd7 {(03:43)} 42.
Rd8 {(00:15)} a4 {(07:06)} 43. Nxd7 {(00:07)} Rd4 {
(00:06)} 44. f4 {(07:57)} a3 {(00:58)} 45. Ra8 {(
00:02)} Ra4 {(00:18)} 46. Rb8 {(00:28)} Ra6 {(00:32)} 47.
Re8 {(00:56)} a2 {(00:46)} 48. Re5+ {(00:12)} Kb4 {
(01:20)} 49. Re4+ {(04:15)} Kc3 {(00:21)} 50. Re1 {
(00:26)} b5 {(00:21)} 51. Nc5 {(09:21)} a1=Q {(00:
27)} 52. Re3+ {(00:25)} Kd4 {(00:10)} 0-1

[Event "42nd Olympiad Baku 2016 Women"]
[Site "Baku"]
[Date "2016.09.06"]
[Round "5.14"]
[White "Dengler, Dijana"]
[Black "Morales Santos, Natasha"]
[Result "0-1"]
[ECO "A40"]
[WhiteElo "2047"]
[BlackElo "1908"]
[Annotator ""]
[PlyCount "72"]
[EventDate "2016.??.??"]
[EventType "team-tourn"]
[EventCountry "AZE"]
[SourceTitle "playchess.com"]
[Source "ChessBase"]
[WhiteTeam "Bosnia  Herzegovina"]
[BlackTeam "Puerto Rico"]
[WhiteTeamCountry "BIH"]
[BlackTeamCountry "PUR"]
[TimeControl "40/5400+30:1800+30"]

1. d4 {(00:00)} e6 {(00:20)} 2. Nf3 {(00:00)} f5 {(
00:25)} 3. g3 {(00:19)} Nf6 {(00:12)} 4. Bg2 {(00:14)} d5
{(00:11)} 5. O-O {(01:09)} Bd6 {(00:11)} 6. c4 {(
01:20)} c6 {(00:10)} 7. Nc3 {(01:58)} Nbd7 {(01:23)} 8. b3
{(04:49)} O-O {(00:43)} 9. Bb2 {(00:36)} b6 {(01:
26)} 10. Rc1 {(03:45)} Bb7 {(00:33)} 11. e3 {(03:00)} Rc8
{(00:43)} 12. Ne2 {(03:42)} c5 {(12:12)} 13. Ne5 {(
03:06)} Qe7 {(06:52)} 14. Nf4 {(03:08)} Rfd8 {(15:28)} 15.
Qe2 {(08:13)} Ba6 {(13:33)} 16. Rfd1 {(01:51)} Ne4 {
(14:34)} 17. Bf1 {(16:18)} cxd4 {(04:04)} 18. exd4 {
(02:39)} Nxe5 {(00:36)} 19. dxe5 {(02:14)} Bc5 {(
02:04)} 20. Bd4 {(00:19)} Bxd4 {(01:06)} 21. Rxd4 {(00:30]
} dxc4 {(01:21)} 22. Qe3 {(10:59)} Rxd4 {(03:14)} 23. Qxd4
{(00:07)} Rd8 {(00:42)} 24. Qe3 {(00:08)} Kf7 {(07:
18)} 25. bxc4 {(02:52)} Bb7 {(04:19)} 26. Nd3 {(07:31)}
Ng5 {(04:40)} 27. Bg2 {(00:47)} Bxg2 {(00:47)} 28. Kxg2 {
(00:09)} Qb7+ {(00:17)} 29. f3 {(00:09)} Nxf3 {(00:
31)} 30. Qxf3 {(10:49)} Qxf3+ {(00:03)} 31. Kxf3 {(00:05)}
Rxd3+ {(00:06)} 32. Ke2 {(00:17)} Ra3 {(00:31)} 33. Rc2 {
(07:24)} Ra5 {(00:12)} 34. c5 {(01:27)} Rxc5 {(03:
48)} 35. Rxc5 {(02:49)} bxc5 {(00:09)} 36. Kd3 {(00:03)}
g5 {(00:19)} 0-1

[Event "42nd Olympiad Baku 2016 Women"]
[Site "Baku"]
[Date "2016.09.06"]
[Round "5.4"]
[White "Deur Saric, Zrinka"]
[Black "Medeiros, Thauane Ferreira"]
[Result "0-1"]
[ECO "B11"]
[WhiteElo "2185"]
[BlackElo "2030"]
[Annotator ""]
[PlyCount "96"]
[EventDate "2016.??.??"]
[EventType "team-tourn"]
[EventCountry "AZE"]
[SourceTitle "playchess.com"]
[Source "ChessBase"]
[WhiteTeam "Croatia"]
[BlackTeam "Brazil"]
[WhiteTeamCountry "CRO"]
[BlackTeamCountry "BRA"]
[TimeControl "40/5400+30:1800+30"]

1. e4 {(00:00)} c6 {(00:00)} 2. Nc3 {(00:05)} d5 {(
00:17)} 3. Nf3 {(01:36)} Bg4 {(02:03)} 4. h3 {(04:44)}
Bxf3 {(00:32)} 5. Qxf3 {(00:19)} e6 {(00:42)} 6. exd5 {
(02:29)} cxd5 {(01:56)} 7. Bb5+ {(06:10)} Nc6 {(01:
19)} 8. O-O {(01:22)} Nf6 {(03:27)} 9. d4 {(08:01)} Be7 {
(04:02)} 10. Qg3 {(10:00)} O-O {(01:04)} 11. Ne2 {(
10:03)} Qb6 {(10:57)} 12. Bxc6 {(09:15)} Qxc6 {(00:40)}
13. Bh6 {(04:07)} Ne8 {(00:16)} 14. c3 {(00:37)} Rc8 {
(08:23)} 15. Rfe1 {(02:16)} Kh8 {(01:57)} 16. Bf4 {
(01:06)} Nf6 {(07:24)} 17. Be5 {(02:01)} b5 {(08:
15)} 18. Nf4 {(03:28)} a5 {(08:52)} 19. Bxf6 {(04:04)}
gxf6 {(01:09)} 20. Qf3 {(02:04)} Qd6 {(02:34)} 21. Nh5 {
(03:50)} Qd8 {(05:37)} 22. Re3 {(03:19)} Rg8 {(01:
15)} 23. Rae1 {(01:05)} Rg5 {(01:54)} 24. h4 {(00:48)} Rg8
{(01:16)} 25. Qf4 {(03:39)} Rg6 {(02:16)} 26. Rf3 {
(01:02)} Bd6 {(01:23)} 27. Qe3 {(00:46)} f5 {(02:
56)} 28. Nf4 {(02:57)} Rg4 {(00:58)} 29. g3 {(01:03)} Bxf4
{(03:01)} 30. Rxf4 {(00:13)} Qxh4 {(00:15)} 31. Rxg4 {
(06:18)} Qxg4 {(00:10)} 32. Qe5+ {(01:15)} Qg7 {(
00:18)} 33. Qd6 {(00:19)} b4 {(05:44)} 34. cxb4 {(01:43)}
axb4 {(01:12)} 35. Qxb4 {(00:57)} f4 {(00:14)} 36. Kg2 {
(00:13)} fxg3 {(00:34)} 37. Re2 {(02:41)} gxf2+ {(
00:25)} 38. Kxf2 {(00:01)} Qf6+ {(01:02)} 39. Ke3 {(00:34]
} Qg5+ {(04:19)} 40. Kd3 {(00:00)} Qf5+ {(00:00)} 41. Kd2
{(05:25)} Qc2+ {(02:51)} 42. Ke1 {(00:38)} Qc1+ {(
00:11)} 43. Kf2 {(00:03)} Qf4+ {(00:05)} 44. Kg1 {(00:16)}
Qg3+ {(09:09)} 45. Kf1 {(00:35)} Rc1+ {(02:03)} 46. Re1 {
(00:14)} Qf3+ {(00:06)} 47. Kg1 {(00:09)} Rc8 {(00:
14)} 48. Qd2 {(01:49)} Rg8+ {(01:04)} 0-1

[Event "42nd Olympiad Baku 2016 Women"]
[Site "Baku"]
[Date "2016.09.06"]
[Round "5.24"]
[White "Di Benedetto, Desiree"]
[Black "Guo, Qi"]
[Result "1/2-1/2"]
[ECO "A09"]
[WhiteElo "2183"]
[BlackElo "2417"]
[Annotator ""]
[PlyCount "72"]
[EventDate "2016.??.??"]
[EventType "team-tourn"]
[EventCountry "AZE"]
[SourceTitle "playchess.com"]
[Source "ChessBase"]
[WhiteTeam "Italy"]
[BlackTeam "China"]
[WhiteTeamCountry "ITA"]
[BlackTeamCountry "CHN"]
[TimeControl "40/5400+30:1800+30"]

1. Nf3 {(00:00)} d5 {(00:00)} 2. c4 {(00:00)} d4 {(
01:07)} 3. b4 {(00:47)} f6 {(01:48)} 4. e3 {(00:20)} e5 {
(00:42)} 5. c5 {(00:34)} Bg4 {(03:53)} 6. h3 {(12:
58)} Bh5 {(00:43)} 7. Bb2 {(05:02)} dxe3 {(08:46)} 8. Qa4+
{(16:22)} Qd7 {(01:36)} 9. Qxd7+ {(01:12)} Nxd7 {(
00:10)} 10. fxe3 {(01:29)} a5 {(02:05)} 11. a3 {(01:41)}
Bf7 {(00:49)} 12. d4 {(12:29)} axb4 {(14:41)} 13. axb4 {
(02:03)} Rxa1 {(00:06)} 14. Bxa1 {(00:02)} exd4 {(
01:01)} 15. exd4 {(01:22)} Ne7 {(00:13)} 16. Bc3 {(09:31)}
g6 {(03:28)} 17. Kf2 {(04:03)} Bh6 {(01:55)} 18. Bd2 {
(03:03)} Bxd2 {(00:30)} 19. Nbxd2 {(00:37)} O-O {(
01:14)} 20. Bb5 {(06:18)} c6 {(10:54)} 21. Bc4 {(04:22)}
Ra8 {(00:08)} 22. Bxf7+ {(00:54)} Kxf7 {(00:06)} 23. Nc4 {
(02:42)} Ra2+ {(00:06)} 24. Kg3 {(03:04)} Nf5+ {(
03:40)} 25. Kh2 {(00:07)} Nf8 {(00:23)} 26. Na5 {(04:37)}
Ne6 {(00:33)} 27. Nxb7 {(03:14)} Nexd4 {(04:49)} 28. Nxd4
{(01:36)} Nxd4 {(00:07)} 29. Rd1 {(00:56)} Nf3+ {(
00:54)} 30. Kg3 {(01:11)} Ne5 {(00:04)} 31. Rd6 {(01:06)}
Ra3+ {(01:30)} 32. Kh2 {(00:18)} Rb3 {(00:24)} 33. Nd8+ {
(00:34)} Kg7 {(00:06)} 34. Nxc6 {(00:16)} Nxc6 {(
00:03)} 35. Rxc6 {(00:06)} Rxb4 {(00:02)} 36. Rc7+ {(00:
40)} Kh6 {(00:16)} 1/2-1/2

[Event "42nd Olympiad Baku 2016 Women"]
[Site "Baku"]
[Date "2016.09.06"]
[Round "5.20"]
[White "Diaz, Luisa"]
[Black "Elansary, Eman"]
[Result "0-1"]
[ECO "B03"]
[WhiteElo "1825"]
[BlackElo "1949"]
[Annotator ""]
[PlyCount "86"]
[EventDate "2016.??.??"]
[EventType "team-tourn"]
[EventCountry "AZE"]
[SourceTitle "playchess.com"]
[Source "ChessBase"]
[WhiteTeam "Guatemala"]
[BlackTeam "Egypt"]
[WhiteTeamCountry "GUA"]
[BlackTeamCountry "EGY"]
[TimeControl "40/5400+30:1800+30"]

1. e4 {(00:00)} Nf6 {(00:00)} 2. e5 {(00:00)} Nd5 {
(00:00)} 3. c4 {(00:01)} Nb6 {(00:00)} 4. d4 {(00:
07)} d6 {(00:00)} 5. exd6 {(00:33)} cxd6 {(00:07)} 6. Nf3
{(01:28)} Bg4 {(01:10)} 7. Nbd2 {(02:50)} e6 {(01:
27)} 8. b3 {(01:55)} Be7 {(00:49)} 9. Bb2 {(01:51)} O-O {
(00:19)} 10. Bd3 {(02:33)} Nc6 {(02:08)} 11. Qc2 {(
01:37)} h6 {(10:25)} 12. O-O {(06:14)} Nb4 {(01:07)} 13.
Qc3 {(03:57)} Nxd3 {(00:19)} 14. Qxd3 {(00:07)} Bf5 {
(00:58)} 15. Qe2 {(02:29)} a5 {(05:40)} 16. a3 {(
09:09)} Rc8 {(09:14)} 17. b4 {(14:18)} Na4 {(01:26)} 18.
Bc1 {(02:12)} b5 {(04:55)} 19. c5 {(03:38)} Nc3 {(
10:27)} 20. Qe3 {(01:09)} Nd5 {(00:58)} 21. Qb3 {(00:31)}
a4 {(01:00)} 22. Qb2 {(00:51)} Bf6 {(04:21)} 23. Re1 {
(14:19)} Nf4 {(12:21)} 24. Re3 {(10:25)} dxc5 {(08:
08)} 25. bxc5 {(04:48)} Rxc5 {(01:06)} 26. Ne4 {(00:06)}
Bxe4 {(02:03)} 27. Rxe4 {(00:06)} Nd3 {(00:06)} 28. Qd2 {
(01:34)} Rxc1+ {(01:55)} 29. Rxc1 {(00:12)} Nxc1 {(
00:03)} 30. Qxc1 {(00:09)} Qd5 {(00:23)} 31. Re1 {(04:09)}
Bxd4 {(02:04)} 32. Rd1 {(00:07)} e5 {(00:17)} 33. Qe3 {
(03:24)} Rd8 {(06:01)} 34. Nxd4 {(02:33)} exd4 {(
00:13)} 35. Qd3 {(00:08)} Qc4 {(03:47)} 36. Kf1 {(02:49)}
Kf8 {(01:11)} 37. f4 {(01:38)} Ke7 {(01:45)} 38. Kf2 {
(00:56)} Qxd3 {(00:30)} 39. Rxd3 {(00:08)} Ke6 {(
00:04)} 40. Kf3 {(00:00)} Kd5 {(00:00)} 41. Ke2 {(00:19)}
Kc4 {(04:09)} 42. Kd2 {(00:13)} Re8 {(00:17)} 43. Rg3 {
(02:22)} Re3 {(09:23)} 0-1

[Event "42nd Olympiad Baku 2016 Women"]
[Site "Baku"]
[Date "2016.09.06"]
[Round "5.4"]
[White "Domarkaite, Laima"]
[Black "Foisor, Sabina-Francesca"]
[Result "0-1"]
[ECO "C50"]
[WhiteElo "2161"]
[BlackElo "2279"]
[Annotator ""]
[PlyCount "110"]
[EventDate "2016.??.??"]
[EventType "team-tourn"]
[EventCountry "AZE"]
[SourceTitle "playchess.com"]
[Source "ChessBase"]
[WhiteTeam "Lithuania"]
[BlackTeam "United States"]
[WhiteTeamCountry "LTU"]
[BlackTeamCountry "USA"]
[TimeControl "40/5400+30:1800+30"]

1. e4 {(00:00)} e5 {(00:00)} 2. Nf3 {(00:00)} Nc6 {
(00:00)} 3. Bc4 {(00:00)} Bc5 {(00:00)} 4. O-O {(
01:14)} Nf6 {(01:18)} 5. d3 {(00:26)} a6 {(00:56)} 6. c3 {
(06:33)} Ba7 {(06:57)} 7. Bb3 {(04:44)} d6 {(00:54]
} 8. Nbd2 {(03:35)} O-O {(00:08)} 9. h3 {(02:48)} h6 {
(00:27)} 10. Re1 {(01:03)} Nh5 {(01:10)} 11. Nf1 {(
11:46)} Qf6 {(02:55)} 12. Be3 {(01:56)} Kh8 {(15:52)} 13.
N3h2 {(11:19)} Nf4 {(09:46)} 14. Bxa7 {(08:40)} Rxa7 {
(00:34)} 15. Qf3 {(18:07)} Qg6 {(03:25)} 16. Ng3 {(
11:59)} f5 {(04:49)} 17. d4 {(01:23)} fxe4 {(08:52)} 18.
Qxe4 {(00:22)} Qxe4 {(03:05)} 19. Rxe4 {(00:22)} d5 {
(04:20)} 20. Ree1 {(02:40)} exd4 {(00:42)} 21. Rad1 {
(01:54)} d3 {(03:51)} 22. Nhf1 {(03:00)} Na5 {(05:
19)} 23. Re7 {(02:52)} c5 {(01:02)} 24. Rde1 {(01:04)} Ra8
{(01:31)} 25. Bd1 {(00:39)} Nc6 {(01:35)} 26. R7e3 {
(00:55)} Bd7 {(01:22)} 27. Nh5 {(00:25)} c4 {(03:
21)} 28. Nxf4 {(01:04)} Rxf4 {(00:02)} 29. g3 {(01:23)}
Rf6 {(00:48)} 30. Kg2 {(00:33)} Raf8 {(00:20)} 31. f3 {
(01:00)} b5 {(03:20)} 32. Nd2 {(00:20)} a5 {(00:16]
} 33. h4 {(00:40)} g5 {(01:35)} 34. hxg5 {(00:30)} hxg5 {
(00:01)} 35. a3 {(00:59)} Kg7 {(00:19)} 36. Rh1 {(
00:16)} R6f7 {(06:30)} 37. Ree1 {(00:23)} Re7 {(01:26)}
38. Rxe7+ {(01:21)} Nxe7 {(00:01)} 39. Kf2 {(00:29)} Nf5 {
(02:39)} 40. g4 {(00:00)} Nh4 {(00:00)} 41. Ke3 {(
10:45)} Rh8 {(08:42)} 42. Kf2 {(01:51)} b4 {(03:50)} 43.
axb4 {(01:24)} axb4 {(00:03)} 44. Nf1 {(16:50)} Ra8 {
(04:23)} 45. Ke3 {(01:32)} Ra1 {(04:03)} 46. Kd2 {(
01:12)} Rb1 {(00:47)} 47. cxb4 {(00:37)} d4 {(00:29)} 48.
f4 {(00:27)} Rxb2+ {(01:51)} 49. Kc1 {(00:02)} c3 {
(00:44)} 50. Rh2 {(00:43)} Rxb4 {(01:09)} 51. fxg5 {
(00:27)} Ng6 {(00:18)} 52. Ra2 {(00:42)} Nf4 {(02:
28)} 53. Ng3 {(00:32)} d2+ {(00:28)} 54. Kc2 {(00:17)}
Ba4+ {(00:07)} 55. Rxa4 {(00:35)} Rb2# {(00:09)} 0-1